 Dungeon Crawl Stone Soup version 0.22-a0-368-g870eee8 (webtiles) character file.

94 JeffiDaFish the Digger (level 4, 0/24 HPs)
             Began as a Gargoyle Earth Elementalist on Apr 23, 2018.
             Killed by divine providence
             ... invoked by an orc priest
              (13 damage)
             ... on level 3 of the Dungeon.
             The game lasted 00:05:04 (1991 turns).

JeffiDaFish the Digger (GrEE)                       Turns: 1991, Time: 00:05:05

Health: 0/24       AC:  7    Str: 12    XL:     4   Next: 63%
Magic:  1/9        EV: 12    Int: 16    God:
Gold:   86         SH:  0    Dex: 10    Spells: 5/9 levels left

rFire    . . .     SeeInvis .   l - +1 dagger (venom)
rCold    . . .     Gourm    .   (no shield)
rNeg     + . .     Faith    .   c - +1 robe
rPois    ∞         Spirit   .   (no helmet)
rElec    +         Reflect  .   (no cloak)
rCorr    +         Harm     .   i - +0 pair of gloves
MR       .....                  (no boots)
Stlth    ++........             (no amulet)
HPRegen  0.08/turn              a - ring of resist corrosion
MPRegen  0.11/turn              (no ring)

@: no status effects
A: negative energy resistance 1, electricity resistance, unbreathing,
petrification resistance, rot immunity, AC +3
a: no special abilities


You were on level 3 of the Dungeon.
You were not hungry.

You visited 1 branch of the dungeon, and saw 3 of its levels.

You collected 86 gold pieces.

Inventory:

Hand Weapons
 g - a +0 dagger
 h - a +2 dagger of speed
 l - a +1 dagger of venom (weapon)
Missiles
 b - 131 stones (quivered)
Armour
 c - a +1 robe (worn)
 i - a +0 pair of gloves (worn)
Jewellery
 a - a ring of resist corrosion (left hand)
Scrolls
 e - a scroll of remove curse
 f - a scroll of fog
Potions
 j - 2 potions of haste
Comestibles
 d - 4 rations
 k - 7 chunks of flesh


   Skills:
 - Level 1.5 Dodging
 - Level 2.1 Stealth
 + Level 3.3 Spellcasting
   Level 0.7 Transmutations
 + Level 5.1 Earth Magic


You had 5 spell levels left.
You knew the following spells:

 Your Spells              Type           Power        Failure   Level  Hunger
a - Sandblast             Erth           ###...       2%          1    None
b - Stone Arrow           Conj/Erth      ##....       19%         3    ###....


Dungeon Overview and Level Annotations

Branches:
Dungeon (3/15)

Altars:
Xom


Innate Abilities, Weirdness & Mutations

You are resistant to torment.
Your stone body is resilient. (AC +3)
You are immune to poison.
You resist negative energy. (rN+)
You are resistant to electric shocks. (rElec)
You can survive without breathing.
You are immune to petrification.
You are immune to rotting.


Message History

Casting: Stone Arrow (safe; 19% risk of failure)
Confirm with . or Enter, or press ? or * to list all spells.
You can't see any susceptible monsters within range! (Use Z to cast anyway.) Unknown command.
The orc wizard gestures wildly while chanting.
The orc wizard seems to speed up.
Casting: Stone Arrow (safe; 19% risk of failure)
Confirm with . or Enter, or press ? or * to list all spells.
Aiming: Sandblast (safe; 2% risk of failure)
Press: ? - help, Shift-Dir - straight line, f - orc wizard
Aim: an orc wizard, wielding a dagger and wearing a robe (fast)
The blast of sand hits the orc wizard.
The orc wizard is heavily wounded.
b - 131 stones The orc wizard points at you and mumbles some strange words.
The magic dart hits you!
The orc priest calls down the wrath of Beogh upon you.
Beogh smites you!
Ouch! That really hurt!
You die...

#.........#.##...##.#
##.......##.##.#.##.#
##.....###.###.###.#
##...## #.# #.# #.#
##'## #.###.###.# #.#
#...<.....# #.#
#####.#####
##)#########.#
#....@.o)o...#
#.....######..#
##...## ..# ##..#
#..# ..... .# ####.#
#.# #..


You could see an orc priest and an orc wizard.

Vanquished Creatures
  An orc wizard (D:3)
  3 worms
  2 dart slugs
  3 leopard geckos (D:1)
  A giant cockroach (D:1)
  6 goblins
  12 hobgoblins
  9 kobolds
  4 bats (D:1)
  4 frilled lizards
  7 rats
52 creatures vanquished.

Notes
Turn   | Place    | Note
-------+----------+-------------------------------------------
     0 | D:1      | JeffiDaFish the Gargoyle Earth Elementalist began the quest for the Orb.
     0 | D:1      | Reached XP level 1. HP: 10/10 MP: 3/3
   259 | D:1      | Reached XP level 2. HP: 10/15 MP: 1/5
   374 | D:1      | Reached skill level 4 in Earth Magic
   442 | D:1      | Found a shimmering altar of Xom.
   623 | D:1      | Reached XP level 3. HP: 19/19 MP: 1/6
  1631 | D:2      | Reached XP level 4. HP: 24/24 MP: 8/8
  1785 | D:2      | Learned a level 3 spell: Stone Arrow
  1987 | D:3      | Reached skill level 5 in Earth Magic
  1991 | D:3      | Killed from afar by an orc priest

Vault maps used:
D:1:      dpeg_arrival_boxes_within_box, xom_teletrap_fun
D:2:      kennysheep_generic_room_2
D:3:      uniq_natasha, uniq_jessica, uniq_terence

Skill      XL: |  1  2  3  4 |
---------------+-------------+-----
Earth Magic    | 4 5 |  5.1
Spellcasting   | 3 |  3.3
Dodging        | |  1.5
Stealth        | |  2.1
Transmutations | |  0.7

Action                   |  1- 3 |  4- 6 || total
-------------------------+-------+-------++-------
Melee: Unarmed           |    43 |       ||    43
       Dagger            |    65 |    13 ||    78
 Cast: Sandblast         |    32 |     8 ||    40
       Stone Arrow       |       |     1 ||     1
  Use: Scroll            |     7 |       ||     7
       Potion            |     1 |     2 ||     3
 Stab: Sleeping          |     4 |     1 ||     5
  Eat: Chunk             |     3 |     1 ||     4
Armor: Robe              |    43 |     5 ||    48
Dodge: Dodged            |    73 |     6 ||    79

Table legend:
 A = Spawn XP
 B = Non-spawn XP
 C = Spawn XP percentage of total XP
 D = Spawn monster count
 E = Non-spawn monster count
 F = Spawn count percentage of total count
 G = Total turns spent on level
                    A         B        C        D         E        F      G
               +---------+---------+-------+---------+---------+-------+---------
         Total |       0 |     135 |   0.0 |       0 |      52 |   0.0 |  1991
               +---------+---------+-------+---------+---------+-------+---------
           D:1 |       0 |      48 |   0.0 |       0 |      27 |   0.0 |  1134
           D:2 |       0 |      36 |   0.0 |       0 |      19 |   0.0 |   691
           D:3 |       0 |      51 |   0.0 |       0 |       6 |   0.0 |   166
               +---------+---------+-------+---------+---------+-------+---------
